 Dungeon Crawl Stone Soup version 0.31-a0-177-g4aa6249778 (webtiles) character file.

Game seed: 3998458601028571998

60 mopl the Magician (level 4, 0/27 HPs)
             Began as an Octopode Hedge Wizard on June 18, 2023.
             Slain by a white imp (5 damage)
             ... on level 3 of the Dungeon.
             The game lasted 00:01:55 (1331 turns).

mopl the Magician (Octopode Hedge Wizard)           Turns: 1331, Time: 00:01:55

Health: 0/27       AC:  1    Str:  9    XL:     4   Next: 6%
Magic:  2/9        EV: 13    Int: 18    God:
Gold:   162        SH:  0    Dex: 11    Spells: 7/10 levels left

rFire   + . .        a - +0 dagger
rCold   . . .        (no shield)
rNeg    . . .        b - +0 hat
rPois   .            (no amulet)
rElec   .            d - ring of protection from fire
rCorr   .            (no ring)
SInv    .            (no ring)
Will    .....        (no ring)
Stlth   +++          (no ring)
HPRegen 0.24/turn    (no ring)
MPRegen 0.11/turn    (no ring)
                     (no ring)

%: no passive effects
@: no status effects
A: almost no armour, amphibious, 8 rings, camouflage 1, gelatinous body 1,
(nimble swimmer 1), tentacles
a: no special abilities


You were on level 3 of the Dungeon.
You visited 1 branch of the dungeon, and saw 3 of its levels.

You collected 162 gold pieces.

Inventory:

Hand Weapons
 a - a +0 dagger (weapon)
Missiles
 l - 6 poisoned darts
 m - 4 atropa-tipped darts
Armour
 b - a +0 hat (worn)
 o - a +0 leather armour of poison resistance
Magical Staves
 h - a staff of fire
Jewellery
 d - a ring of protection from fire (left tentacle)
Scrolls
 f - a scroll of fear {unknown}
 i - a scroll of noise {unknown}
 j - 2 scrolls of enchant weapon {unknown}
 k - 4 scrolls of identify {unknown}
 n - a scroll of poison {unknown}
 q - a scroll of fog {unknown}
Potions
 c - a potion of magic
 e - 2 potions of heal wounds {unknown}
 g - a potion of haste
 p - a potion of enlightenment {unknown}
 r - a potion of resistance {unknown}


   Skills:
 - Level 2.0 Dodging
 - Level 2.6 Stealth
 + Level 3.6 Spellcasting
 + Level 2.2 Conjurations
 - Level 1.0 Summonings
 + Level 2.2 Translocations


You had 7 spell levels left.
You knew the following spells:

 Your Spells              Type           Power      Damage    Failure   Level
a - Magic Dart            Conj           44%        1d5       6%          1
e - Blink                 Tloc           22%        N/A       10%         2

Your spell library contained the following spells:

 Spells                   Type           Power      Damage    Failure   Level
 Summon Small Mammal      Summ           24%        N/A       11%         1
 Slow                     Hex            12%        N/A       16%         1
 Call Imp                 Summ           12%        N/A       16%         2
 Cigotuvi's Dreadful Rot  Necr/Pois/Air  6%         N/A       24%         2
 Ensorcelled Hibernation  Hex/Ice        6%         N/A       24%         2
 Call Canine Familiar     Summ           6%         N/A       30%         3
 Mephitic Cloud           Conj/Pois/Air  5%         N/A       34%         3
 Summon Guardian Golem    Hex/Summ       5%         N/A       36%         3
 Spider Form              Tmut/Pois      3%         N/A       43%         3
 Anguish                  Hex/Necr       1%         N/A       83%         4


Dungeon Overview and Level Annotations

Branches:
Dungeon (3/15)

Altars:


Innate Abilities, Weirdness & Mutations

You cannot wear most types of armour.
You are amphibious.
You can wear up to eight rings at the same time.
Your skin changes colour to match your surroundings (Stealth+).
Your rubbery body absorbs attacks. (AC +1, EV +1)
((You are camouflaged when in or above water. (Stealth+)))
You have tentacles for arms and can constrict up to eight enemies at once.


Message History

p - a fizzy silvery potion
q - a scroll labelled BEM ARHYSI
r - an amethyst potion
Found a stone staircase leading up.
There is a stone staircase leading up here.
A white imp comes into view.
The magic dart hits the white imp but does no damage.
The white imp shouts!
The magic dart hits the white imp.
The white imp is lightly wounded.
The white imp gestures at you. The puff of frost hits you!
The magic dart hits the white imp.
The white imp is moderately wounded.
The magic dart hits the white imp.
The white imp is moderately wounded.
The magic dart hits the white imp.
The white imp is heavily wounded.
The magic dart hits the white imp but does no damage.
The white imp is heavily wounded.
The magic dart hits the white imp but does no damage.
The white imp is heavily wounded.
The magic dart hits the white imp.
The white imp is heavily wounded.
The white imp hits you. The white imp freezes you.
You are too injured to fight recklessly!
You are too injured to fight recklessly!
You hit the white imp but do no damage. Your grab misses the white imp.
Your squeeze misses the white imp.
The white imp is heavily wounded.
The white imp hits you.
* * * LOW HITPOINT WARNING * * *
The white imp freezes you.
* * * LOW HITPOINT WARNING * * *
You hit the white imp but do no damage. Your grab misses the white imp.
The white imp is heavily wounded.
The white imp hits you.
* * * LOW HITPOINT WARNING * * *
The white imp freezes you.
You die...

###............
#........## ..
#........# ...
#####.#####...
####.###.....
#...<....#
#......?.#
#........#
#####@#### #.5#
..$.. ##......
#$.......
########.


You could see a white imp.

Vanquished Creatures
  2 adders (D:2)
  A dart slug (D:2)
  8 bats
  3 endoplasms
  2 giant cockroaches
  5 goblins
  2 hobgoblins
  3 jackals (D:2)
  A quokka (D:3)
  2 ball pythons (D:2)
  2 frilled lizards
  3 kobolds
  4 rats
38 creatures vanquished.

Notes
Turn   | Place    | Note
-------+----------+-------------------------------------------
     0 | D:1      | mopl the Octopode Hedge Wizard began the quest for the Orb.
     0 | D:1      | Reached XP level 1. HP: 11/11 MP: 4/4
   105 | D:1      | Reached XP level 2. HP: 17/17 MP: 1/6
   110 | D:1      | Learned a level 2 spell: Blink
   541 | D:2      | Reached XP level 3. HP: 1/21 MP: 5/7
   772 | D:2      | Reached skill level 2 in Conjurations
   909 | D:2      | Reached skill level 2 in Translocations
  1217 | D:3      | Reached XP level 4. HP: 20/27 MP: 6/9
  1331 | D:3      | Slain by a white imp

Illustrated notes

Levels and vault maps discovered:
D:1:      dpeg_arrival_pits, layout_basic
D:2:      cheibrodos_old_hovel, layout_basic
D:3:      layout_rooms, serial_shops, shop

Skill      XL: |  1  2  3 |
---------------+----------+-----
Conjurations   | 2 |  2.2
Translocations | 2 |  2.2
Dodging        | |  2.0
Stealth        | |  2.6
Spellcasting   | |  3.6
Summonings     | |  1.0

Action                     |  1- 3 |  4- 6 || total
---------------------------+-------+-------++-------
  Melee: Dagger            |    80 |    10 ||    90
         Constrict         |    18 |     1 ||    19
         Tentacles         |    10 |     2 ||    12
         Punch             |     1 |       ||     1
   Cast: Magic Dart        |    21 |    10 ||    31
    Use: Potion            |     2 |       ||     2
   Stab: Sleeping          |     4 |       ||     4
 Armour: Skin              |    22 |     1 ||    23
  Dodge: Dodged            |    77 |     6 ||    83

Table legend: (Time is in decaauts)
 A = Elapsed time spent in this place.
 B = Non-inter-level travel time spent in this place.
 C = Inter-level travel time spent in this place.
 D = Time resting spent in this place.
 E = Time spent auto-exploring this place.
 F = Levels seen in this place.
 G = Mean time per level.
                   A        B        C        D        E       F      G
               +--------+--------+--------+--------+--------+-----+--------+
         Total |   1311 |   1270 |     41 |    183 |    819 |   3 |  437.0 |
       Dungeon |   1311 |   1270 |     41 |    183 |    819 |   3 |  437.0 |
               +--------+--------+--------+--------+--------+-----+--------+

Top non-repeatable levels by time:
     D:2: 720 daAuts
     D:1: 466 daAuts
     D:3: 124 daAuts
